 Dungeon Crawl Stone Soup version 0.19-a0-1292-g796ee4d (webtiles) character file.

282433 epen the Tortoise (level 20, -58/129 HPs)
             Began as a Gargoyle Monk on Aug 29, 2016.
             Was the Champion of Okawaru.
             Killed from afar by a deep elf annihilator (110 damage)
             ... with a crystal spear
             ... on level 3 of the Elven Halls on Aug 30, 2016.
             The game lasted 01:51:40 (39493 turns).

epen the Tortoise (Gargoyle Monk)                  Turns: 39493, Time: 01:51:41

Health: -58/129    AC: 44    Str: 30      XL:     20   Next: 53%
Magic:  39/39      EV: 21    Int: 17 (18) God:    Okawaru [******]
Gold:   1284       SH: 16    Dex: 20      Spells: 0 memorised, 19 levels left

rFire  + + +     SeeInvis +     E - +6 morningstar of the Pit {freeze, rF++}
rCold  + + .     Gourm    .     L - +1 plate armour of the Vestibule of Hell {rN+ Slay+2}
rNeg   + + .     Faith    .     D - +0 shield
rPois  ∞         Spirit   .     s - +1 hat
rElec  +         Dismiss  .     P - +2 cloak {MR+}
rCorr  .         Reflect  +     d - +0 pair of gloves "Juemiys" {MR+ Str+4 Int+3}
MR     +++..     Harm     .     i - +0 pair of boots of the Lair of Beasts {+Fly Regen+}
Stlth  ..........               O - +2 amulet of reflection
                                I - ring "Aplamea" {MP+9 Int+4 Dex+2 SInv}
                                W - ring of protection from cold

@: mighty, agile, finesse, flying
A: antennae 1, big wings, hooves 1, yellow scales 1, blurry vision 1, cold
resistance 1, dopey 1, fire resistance 1, negative energy resistance 1,
electricity resistance, unbreathing, evolution 1, petrification resistance, rot
immunity, AC +15
a: Stop Flying, Heroism, Finesse, Renounce Religion
}: 2/15 runes: decaying, gossamer


You were on level 3 of the Elven Halls.
You worshipped Okawaru.
Okawaru was exalted by your worship.
You were hungry.

You visited 6 branches of the dungeon, and saw 34 of its levels.
You also visited: Desolation.

You collected 3872 gold pieces.
You spent 2588 gold pieces at shops.

Inventory:

Hand Weapons
 E - the +6 morningstar of the Pit (weapon) {freeze, rF++}
   (Okawaru gifted it to you on level 2 of the Orcish Mines)

   It has been specially enchanted to freeze those struck by it, causing extra
   injury to most foes and up to half again as much damage against particularly
   susceptible opponents.
   It can also slow down cold-blooded creatures.
   It greatly protects you from fire.
Missiles
 N - 5 throwing nets (quivered)
Armour
 a - the +0 cloak "Izi Cija" {*Confuse Regen+ Stlth+}
   (Okawaru gifted it to you on level 4 of the Spider Nest)

   It increases your rate of regeneration.
   It may confuse you when you take damage.
   It makes you more stealthy.
 d - the +0 pair of gloves "Juemiys" (worn) {MR+ Str+4 Int+3}
   (Okawaru gifted it to you on level 15 of the Dungeon)

   It affects your strength (+4).
   It affects your intelligence (+3).
   It affects your resistance to hostile enchantments.
 i - the +0 pair of boots of the Lair of Beasts (worn) {+Fly Regen+}
   (Okawaru gifted it to you on level 4 of the Swamp)

   It lets you fly.
   It increases your rate of regeneration.
 s - a +1 hat (worn)
 u - the +2 pair of boots of the Morning {rF+ MR+}
   (You acquired it on level 6 of the Dungeon)

   It protects you from fire.
   It affects your resistance to hostile enchantments.
 D - a +0 shield (worn)
 L - the +1 plate armour of the Vestibule of Hell (worn) {rN+ Slay+2}
   (Okawaru gifted it to you on level 4 of the Lair of Beasts)

   It affects your accuracy and damage with ranged weapons and melee attacks
   (+2).
   It protects you from negative energy.
 P - a +2 cloak of magic resistance (worn)
Jewellery
 I - the ring "Aplamea" (right hand) {MP+9 Int+4 Dex+2 SInv}
   (You found it on level 4 of the Swamp)

   [ring of magical power]

   It affects your intelligence (+4).
   It affects your dexterity (+2).
   It affects your magic capacity (+9).
   It lets you see invisible.
 O - a +2 amulet of reflection (around neck)
 Q - the ring "Muusywuv" {rF+ Str+7 Stlth+}
   (You found it on level 11 of the Dungeon)

   [ring of protection from fire]

   It affects your strength (+7).
   It protects you from fire.
   It makes you more stealthy.
 V - the ring of Koeluph {MR+ Str+4 Dex-4}
   (You found it on level 9 of the Dungeon)

   [ring of dexterity]

   It affects your strength (+4).
   It affects your dexterity (-4).
   It affects your resistance to hostile enchantments.
 W - a ring of protection from cold (left hand)
Wands
 l - a wand of disintegration (5/24)
 x - a wand of heal wounds (3/9)
 J - a wand of teleportation (4/9)
 T - a wand of hasting (3/9)
Scrolls
 f - 7 scrolls of amnesia
 h - 12 scrolls of teleportation
 k - 9 scrolls of fear
 m - 4 scrolls of blinking
 o - 15 scrolls of remove curse
 q - 5 scrolls of identify
 r - a scroll of summoning
 t - 4 scrolls of enchant armour
 y - a scroll of silence
 B - 4 scrolls of magic mapping
 F - 4 scrolls of fog
 S - 5 scrolls of enchant weapon
 Z - 6 scrolls of recharging
Potions
 e - 3 potions of cancellation
 j - 6 potions of brilliance
 n - 15 potions of curing
 w - 6 potions of haste
 A - 6 potions of might
 C - 2 potions of resistance
 H - 5 potions of ambrosia
 M - a potion of cure mutation
 R - 6 potions of magic
 U - 9 potions of heal wounds
 X - a potion of berserk rage
Miscellaneous
 Y - 2 sacks of spiders
Comestibles
 b - a slice of pizza
 c - 20 bread rations
 g - 17 meat rations
 p - a chunk of flesh
 z - 24 fruits
 G - 4 beef jerkies


   Skills:
 * Level 15.3 Fighting
 * Level 17.3 Maces & Flails
 * Level 18.5 Armour
 + Level 11.2 Dodging
 - Level 2.1 Stealth
 * Level 12.1 Shields
 + Level 13.7 Invocations
 + Level 8.7 Evocations


You had 19 spell levels left.
You didn't know any spells.

Dungeon Overview and Level Annotations

Branches:
Dungeon (15/15)            Temple (0/1) D:7            Lair (6/6) D:9
  Swamp (4/4) Lair:3       Spider (4/4) Lair:4        Slime (0/5) Lair:5
    Orc (2/2) D:10            Elf (3/3) Orc:2        Vaults (0/5) D:14
 Depths (0/5) D:15

Altars:
Elyvilon
Fedhas
Kikubaaqudgha
Makhleb
Nemelex Xobeh
Okawaru
Qazlal
Uskayaw
Vehumet
Xom
Zin
Beogh

Shops:
D:11 [   Orc:2 *=*([   Elf:1 [?**[   Elf:2 [

Portals:
Trove: D:15 (give +3 storm dragon armour)

Annotations:
Elf:2 3 runed doors
Elf:3 Asterion


Innate Abilities, Weirdness & Mutations

You are resistant to torment.
Your stone body is resilient. (AC +15)
You are immune to poison.
Your large and strong wings let you fly indefinitely.
You resist negative energy. (rN+)
You are resistant to electric shocks. (rElec)
You can survive without breathing.
You are immune to petrification.
You are immune to rotting.
You have a pair of small antennae on your head.
You have large cloven feet.
You are partially covered in yellow scales. (AC +2)
Scrolls take you a little longer to read.
Your flesh is cold resistant. (rC+)
You are dopey. (Int -2)
Your flesh is heat resistant. (rF+)
You evolve.


Message History

You miss the red devil.
The deep elf demonologist mumbles some strange words.
The deep elf mage casts a spell.
The deep elf mage blinks!
The small abomination misses you.
You bludgeon the red devil!! You freeze the red devil.
The red devil is almost dead.
The deep elf demonologist gestures wildly while chanting.
The red devil hits you but does no damage.
You impale the red devil!! You freeze the red devil.
You kill the red devil!
The deep elf annihilator is engulfed in roaring flames.
The deep elf annihilator gestures wildly while chanting.
The deep elf annihilator blinks!
The golden eye blinks!
The deep elf high priest says, "All sinners must die."
You feel like a meek peon again.
The orange demon screeches!
The deep elf annihilator casts a spell at you.
The crystal spear hits you!
Ouch! That really hurt!
You die...

*,,,,,,,,,,,,,,***,,,,,,,,,,,,,,*
*,,,,,,,,,......#E.G...,,,,,,,,,*
,,,,,,,,,,,....4.5.E§.,,,,,,,,,,,
,,,,,,,,,,,,.4ooe55e.,,,,,,,,,,,,
,,,,,,,,,,,,,oo43EEE,,,,,,,,,,,,,
,,,,,,,,,***,21e313,,***,,,,,,,,,
,,,,,,,*** ***,e4e,*** ***,,,,,,,
**,,,*** **#e#** ***,,,** *****
#@# ***** #x# #)# #x#####
{#(#{..# {#)#)..# #### ###
#####.#.).#####
...#####.###...)(........#
.............:<..........#


You could see a Tzitzimitl, 2 deep elf annihilators, an Executioner, a soul
eater, a sun demon, 2 deep elf demonologists, an orange demon, 2 deep elf high
priests, 4 earth elementals, 2 ice devils, a fire elemental, a neqoxec, a chaos
spawn, an orc warrior, 2 small abominations, an iron imp, an orc priest, an orc
wizard, a quasit, a golden eye shaped shifter, a white imp and an orc.

Vanquished Creatures
  the Lernaean hydra (Swamp:4)
  Jorgrun (Spider:2)
  Rupert (Lair:6)
  5 deep elf blademasters (Elf:3)
  A deep elf master archer (Elf:3)
  2 sphinxes (D:14)
  Gastronok (D:12)
  Donald (Swamp:3)
  A thorn hunter (Swamp:3)
  6 deep elf sorcerers
  A fire giant (D:12)
  An orc warlord (Orc:2)
  6 emperor scorpions (Spider:4)
  A frost giant (D:14)
  4 ghost moths (Spider:4)
  An imperial myrmidon (Desolation)
  An ironheart preserver (D:14)
  4 deep elf elementalists
  3 entropy weavers
  Nessos (Orc:1)
  2 halazid warlocks (Desolation)
  3 deep elf annihilators (Elf:3)
  A spark wasp (Spider:4)
  An ettin (D:15)
  7 ragged hierophants (Desolation)
  A deep elf death mage (Elf:3)
  2 crystal guardians (Desolation)
  Josephine (D:10)
  2 ogre magi
  7 servants of whispers (Desolation)
  Harold (Lair:4)
  4 vault guards (D:14)
  5 centaur warriors
  24 hydras
  12 peacekeepers
  A ghost crab (Swamp:1)
  3 death yaks (Lair:6)
  A catoblepas (Lair:6)
  13 dancing weapons
  A queen ant (Lair:6)
  4 alligators
  A death knight (D:15)
  A tengu warrior (D:15)
  A deep troll shaman (Lair:6)
  9 orc high priests
  13 deep elf knights
  Nergalle (D:12)
  Sonja (D:12)
  5 skeletal warriors (D:15)
  A small abomination (Elf:3)
  A deep troll (D:15)
  13 swamp dragons
  An unseen horror (D:12)
  3 spriggan druids (Swamp:4)
  4 deep elf archers
  5 hill giants
  8 orc knights
  44 deep elf magi
  Pikel (D:8)
  12 orb spiders
  5 orc sorcerers
  A salamander (shapeshifter) (D:13)
  12 ugly things
  29 wolf spiders
  7 hornets
  2 manticores (D:14)
  6 guardian serpents (Desolation)
  2 moths of wrath
  4 griffons
  5 black mambas
  A torpor snail (Spider:4)
  2 cyclopes (D:14)
  4 elephants (Lair:6)
  A gargoyle (D:12)
  11 spiny frogs
  2 rime drakes
  2 freezing wraiths (D:15)
  3 yaktaurs (D:15)
  3 komodo dragons
  9 demonic crawlers
  3 kobold demonologists
  A tengu conjurer (D:14)
  26 jumping spiders
  5 trolls
  A wind drake (shapeshifter) (D:15)
  A two-headed ogre (shapeshifter) (Elf:1)
  4 giant leeches
  2 two-headed ogres
  22 blink frogs
  56 saltlings (Desolation)
  4 dream sheep (Lair:5)
  10 bog bodies
  22 slime creatures
  3 boulder beetles
  7 wraiths
  3 air elementals
  Sigmund (D:6)
  2 shadows
  2 vampires
  86 redbacks
  9 spriggans
  22 tarantellas
  3 water elementals (Elf:2)
  11 hippogriffs
  A basilisk (D:13)
  2 fire elementals
  A hungry ghost (D:13)
  55 yaks
  A steam dragon (D:11)
  23 swamp worms
  2 mottled dragons
  17 soldier ants (Lair:6)
  20 vampire mosquitoes
  4 wargs
  3 insubstantial wisps (Swamp:2)
  10 water moccasins
  2 hell hounds (D:9)
  7 porcupines
  7 ice beasts
  2 phantoms
  11 swamp drakes
  38 orc warriors
  An eye of draining (D:12)
  3 sky beasts
  3 necrophages
  5 black bears
  A slave (D:8)
  12 wasps
  16 ogres
  5 wolves (Lair:6)
  16 centaurs
  16 crocodiles
  The ghost of epen the Cudgeler, an amateur GrMo (D:3)
  3 big kobolds
  2 earth elementals
  18 giant frogs
  A gnoll sergeant (D:8)
  A wyvern skeleton (D:13)
  8 scorpions
  17 wights
  6 howler monkeys
  2 electric eels
  6 crimson imps
  3 quasits
  5 centaur zombies
  6 hounds
  4 jellies
  4 giant frog skeletons
  2 giant frog zombies
  A gnoll shaman (D:7)
  25 orc priests
  23 orc wizards
  7 iguanas
  5 centaur skeletons
  41 worker ants
  2 worker ant zombies
  A howler monkey skeleton (D:7)
  18 adders
  14 gnolls
  53 river rats
  2 shadow imps
  An ooze (D:2)
  An adder zombie (D:7)
  An adder skeleton (D:6)
  3 worms (D:2)
  3 dart slugs
  4 giant geckos
  102 orcs
  2 ball pythons
  3 giant cockroaches
  5 goblins
  7 hobgoblins
  9 jackals
  6 quokkas
  A ball python skeleton (D:6)
  10 bats
  A giant gecko zombie (D:5)
  4 giant newts
  A jackal zombie (D:6)
  14 kobolds
  5 rats
1429 creatures vanquished.

Vanquished Creatures (collateral kills)
  2 servants of whispers (Desolation)
  A giant frog (Lair:1)
3 creatures vanquished.

Vanquished Creatures (others)
  A deep elf master archer (Elf:3)
  A very ugly thing (Swamp:4)
  A deep elf archer (Elf:1)
  A deep elf mage (Elf:1)
  An orb spider (Spider:4)
  5 saltlings (Desolation)
  An orc wizard (Orc:2)
  2 gnolls (D:8)
  An orc (Orc:1)
  6 fungi
  6 plants
  6 toadstools (Swamp:3)
32 creatures vanquished.

Grand Total: 1464 creatures vanquished

Notes
Turn   | Place    | Note
-------+----------+-------------------------------------------
     0 | D:1      | epen the Gargoyle Monk began the quest for the Orb.
     0 | D:1      | Reached XP level 1. HP: 14/14 MP: 1/1
   351 | D:1      | Reached skill level 1 in Armour
   351 | D:1      | Reached XP level 2. HP: 19/19 MP: 2/2
  1117 | D:2      | Reached XP level 3. HP: 23/23 MP: 3/3
  1265 | D:2      | Reached skill level 2 in Armour
  1481 | D:2      | Reached XP level 4. HP: 24/29 MP: 4/4
  1793 | D:2      | Found a blossoming altar of Fedhas.
  1795 | D:2      | Found a hide-covered altar of Uskayaw.
  1795 | D:2      | Found a shimmering altar of Xom.
  2047 | D:2      | Found an iron altar of Okawaru.
  2059 | D:2      | Became a worshipper of Warmaster Okawaru
  2059 | D:2      | Reached * piety under Okawaru
  2059 | D:2      | Reached ** piety under Okawaru
  2444 | D:3      | Noticed epen's ghost (amateur GrMo)
  3125 | D:3      | Reached XP level 5. HP: 31/33 MP: 5/5
  3160 | D:3      | Killed epen's ghost
  3160 | D:3      | Reached skill level 3 in Armour
  3368 | D:3      | Found a radiant altar of Vehumet.
  3414 | D:3      | Reached skill level 1 in Invocations
  3798 | D:4      | Reached XP level 6. HP: 34/38 MP: 4/6
  4022 | D:4      | Reached skill level 4 in Armour
  4022 | D:4      | Reached XP level 7. HP: 44/44 MP: 8/8
  4167 | D:4      | Reached skill level 5 in Maces & Flails
  4459 | D:4      | Found a stormy altar of Qazlal.
  4521 | D:5      | Entered Level 5 of the Dungeon
  4812 | D:5      | Reached *** piety under Okawaru
  4812 | D:5      | Reached skill level 5 in Armour
  5023 | D:5      | Reached skill level 5 in Fighting
  5205 | D:5      | Reached XP level 8. HP: 48/49 MP: 9/9
  5795 | D:6      | Noticed Sigmund
  5803 | D:6      | Killed Sigmund
  6039 | D:6      | Found a white marble altar of Elyvilon.
  6245 | D:6      | Identified a scroll of acquirement
  6246 | D:6      | Got a pair of faintly humming boots
  6257 | D:6      | Identified the +2 pair of boots of the Morning {rF+ MR+} (You acquired it on level 6 of the Dungeon)
  6380 | D:7      | Found a staircase to the Ecumenical Temple.
  6391 | D:7      | Reached skill level 6 in Armour
  6465 | D:7      | Reached **** piety under Okawaru
  6627 | D:7      | Reached XP level 9. HP: 41/55 MP: 11/11
  6730 | D:7      | Got a fine glaive
  6731 | D:7      | Identified the cursed +2 glaive of the Foremost Wonders {flame, *Confuse Int+3 SInv} (You found it on level 7 of the Dungeon)
  6948 | D:7      | Reached skill level 7 in Armour
  7506 | D:8      | Got a polished leather armour
  7557 | D:7      | Got a transparent flail
  7558 | D:7      | Identified the +9 flail of Slow Death {elec, *Noise +Blink +Inv rPois Dex-3} (You found it on level 7 of the Dungeon)
  7629 | D:8      | Identified the +1 leather armour "Luedd" {+Blink rC- Int+2} (You found it on level 8 of the Dungeon)
  7671 | D:8      | Noticed Pikel
  7724 | D:8      | Killed Pikel
  7724 | D:8      | Reached skill level 5 in Invocations
  7739 | D:8      | Noticed a two-headed ogre
  7748 | D:8      | Killed a two-headed ogre
  7748 | D:8      | Reached ***** piety under Okawaru
  7748 | D:8      | Reached skill level 8 in Armour
  7748 | D:8      | Reached skill level 5 in Dodging
  7748 | D:8      | Reached XP level 10. HP: 59/61 MP: 13/13
  7954 | D:8      | You fall through a shaft for 3 floors!
  7954 | D:11     | Noticed a kobold demonologist
  7954 | D:11     | Noticed a kobold demonologist
  7954 | D:11     | Noticed a kobold demonologist
  7957 | D:10     | Entered Level 10 of the Dungeon
  7957 | D:10     | Noticed Josephine
  7969 | D:10     | Received a gift from Okawaru
  7980 | D:10     | Noticed a hill giant
  7987 | D:10     | Killed a hill giant
  8099 | D:9      | Got a shimmering bone ring
  8100 | D:9      | Identified the cursed ring of Koeluph {MR+ Str+4 Dex-4} (You found it on level 9 of the Dungeon)
  8280 | D:9      | Gained mutation: You are clumsy. (Dex -2) [mutagenic meat]
  8283 | D:9      | Gained mutation: You are dopey. (Int -2) [mutagenic meat]
  8286 | D:9      | Gained mutation: Your flesh is cold resistant. (rC+) [mutagenic meat]
  8289 | D:9      | Gained mutation: Your large and strong wings let you fly indefinitely. [mutagenic meat]
  8688 | D:8      | Found a shimmering altar of Xom.
  8688 | D:8      | Found a shimmering altar of Xom.
  8697 | D:8      | Reached skill level 9 in Armour
  8699 | D:8      | Found a shimmering altar of Xom.
  8699 | D:8      | Found a shimmering altar of Xom.
  8703 | D:8      | Found a shimmering altar of Xom.
  8703 | D:8      | Found a shimmering altar of Xom.
  8703 | D:8      | Found a shimmering altar of Xom.
  9032 | D:9      | Found a staircase to the Lair.
  9556 | D:10     | Noticed an orc knight
  9574 | D:10     | Found a roughly hewn altar of Beogh.
  9574 | D:10     | Found a staircase to the Orcish Mines.
  9600 | D:10     | Reached XP level 11. HP: 16/67 MP: 15/15
  9842 | D:10     | Received a gift from Okawaru
  9875 | D:10     | Got a shimmering cloak {god gift}
  9883 | D:10     | Identified the +0 cloak of the Ward {rElec Int+8 Slay-3} (Okawaru gifted it to you on level 10 of the Dungeon)
  9985 | D:10     | Killed Josephine
  9985 | D:10     | Reached skill level 10 in Armour
 10344 | D:10     | Killed an orc knight
 10669 | D:10     | Gained mutation: You are very dopey. (Int -4) [mutagenic meat]
 10672 | D:10     | Lost mutation: You are clumsy. (Dex -2) [mutagenic meat]
 10675 | D:10     | Gained mutation: You have large cloven feet. [mutagenic meat]
 10678 | D:10     | Gained mutation: Scrolls take you a little longer to read. [mutagenic meat]
 10681 | D:10     | Gained mutation: You have hoof-like feet. [mutagenic meat]
 10684 | D:10     | Lost mutation: You have hoof-like feet. [mutagenic meat]
 10841 | Lair:1   | Entered Level 1 of the Lair of Beasts
 11072 | Lair:1   | Got a spiked buckler
 11078 | Lair:1   | Identified the +0 buckler of Abstinence {rElec MP-9 Dex+3} (You acquired it on level 1 of the Lair of Beasts)
 11125 | Lair:1   | Reached skill level 10 in Maces & Flails
 11126 | Lair:1   | Reached skill level 1 in Shields
 11928 | Lair:2   | Received a gift from Okawaru
 11928 | Lair:2   | Reached skill level 11 in Armour
 11976 | Lair:2   | Reached XP level 12. HP: 70/75 MP: 8/17
 13608 | Lair:3   | Found a staircase to the Swamp.
 14010 | Lair:4   | Noticed Harold
 14025 | Lair:4   | Killed Harold
 14025 | Lair:4   | Reached skill level 5 in Shields
 14349 | Lair:4   | Found a hole to the Spider Nest.
 14357 | Lair:4   | Received a gift from Okawaru
 14418 | Lair:4   | Noticed a six-headed hydra
 14429 | Lair:4   | Killed a six-headed hydra
 14469 | Lair:4   | Reached skill level 12 in Armour
 14476 | Lair:4   | Reached XP level 13. HP: 63/80 MP: 10/19
 14667 | Lair:4   | You are sucked into a shaft for 2 floors!
 14667 | Lair:6   | Entered Level 6 of the Lair of Beasts
 14987 | Lair:6   | Noticed Rupert
 15011 | Lair:6   | Killed Rupert
 15050 | Lair:6   | Noticed an entropy weaver
 15059 | Lair:5   | Reached ****** piety under Okawaru
 15068 | Lair:5   | Found a staircase to the Slime Pits.
 15459 | Lair:5   | Gained mutation: You have a pair of small antennae on your head. [potion of beneficial mutation]
 15604 | Lair:5   | Received a gift from Okawaru
 16331 | Lair:4   | Received a gift from Okawaru
 16334 | Lair:4   | Got a smelly plate armour {god gift}
 16347 | Lair:4   | Identified the +1 plate armour of the Vestibule of Hell {rN+ Slay+2} (Okawaru gifted it to you on level 4 of the Lair of Beasts)
 16687 | Lair:6   | Reached skill level 13 in Armour
 16753 | Lair:6   | Reached skill level 1 in Evocations
 16798 | Lair:6   | Noticed an entropy weaver
 16812 | Lair:6   | Killed an entropy weaver
 16812 | Lair:6   | Mutation became permanent: Your large and strong wings let you fly indefinitely. [Gargoyle growth]
 16812 | Lair:6   | Reached XP level 14. HP: 40/87 MP: 9/21
 16846 | Lair:6   | Reached skill level 10 in Fighting
 17066 | Lair:6   | Killed an entropy weaver
 18594 | D:11     | Found Buyl's Antique Armour Shop.
 18611 | D:11     | Bought an embroidered cloak for 130 gold pieces
 18692 | D:11     | Got a warped wooden ring
 19059 | Orc:1    | Entered Level 1 of the Orcish Mines
 19068 | Orc:1    | Reached skill level 10 in Invocations
 19087 | Orc:1    | Received a gift from Okawaru
 19088 | Orc:1    | Got a crude demon whip {god gift}
 19089 | Orc:1    | Identified the +4 demon whip of Hiaty {venom, rPois Int+4} (Okawaru gifted it to you on level 1 of the Orcish Mines)
 19324 | Orc:2    | Entered Level 2 of the Orcish Mines
 19324 | Orc:2    | Found a staircase to the Elven Halls.
 19329 | Orc:2    | Noticed Nessos
 19356 | Orc:1    | Killed Nessos
 19380 | Orc:2    | Noticed an orc warlord
 19871 | Orc:2    | Killed an orc warlord
 19871 | Orc:2    | Received a gift from Okawaru
 20160 | Orc:2    | Found Caxadgh's Antique Armour Boutique.
 20217 | Orc:2    | Reached XP level 15. HP: 91/93 MP: 13/22
 20254 | Orc:2    | Found Dopnihics's Assorted Antiques.
 20262 | Orc:2    | Found Ecafeyci's General Store.
 20270 | Orc:2    | Received a gift from Okawaru
 20270 | Orc:2    | Reached skill level 14 in Armour
 20348 | Orc:2    | Bought a bubbling amethyst potion for 31 gold pieces
 20384 | Orc:2    | Bought a potion of heal wounds for 80 gold pieces
 20384 | Orc:2    | Bought a potion of resistance for 160 gold pieces
 20384 | Orc:2    | Bought a scroll of blinking for 120 gold pieces
 20384 | Orc:2    | Bought a potion of resistance for 160 gold pieces
 20476 | Orc:2    | Found Qunun's Jewellery Shoppe.
 20822 | Orc:2    | Found Qobiob's Antique Weapon Boutique.
 21014 | Orc:2    | Found a roughly hewn altar of Beogh.
 21426 | Orc:2    | Received a gift from Okawaru
 21443 | Orc:2    | Got an ichor-stained morningstar {god gift}
 21444 | Orc:2    | Identified the +6 morningstar of the Pit {freeze, rF++} (Okawaru gifted it to you on level 2 of the Orcish Mines)
 21817 | Orc:1    | Found a burning altar of Makhleb.
 21935 | Orc:2    | Identified the ring "Muusywuv" {rF+ Str+7 Stlth+} (You found it on level 11 of the Dungeon)
 22026 | D:11     | Bought a spiked plate armour for 812 gold pieces
 22036 | D:11     | Identified the +1 plate armour of Satisfaction {*Confuse rCorr Int+4} (You bought it in a shop on level 11 of the Dungeon)
 22121 | D:12     | Noticed Nergalle
 22132 | D:12     | Killed Nergalle
 22468 | D:12     | Noticed Sonja
 22477 | D:12     | Killed Sonja
 22557 | D:12     | Noticed Gastronok
 22568 | D:12     | Killed Gastronok
 23093 | D:13     | Found a sparkling altar of Nemelex Xobeh.
 23323 | D:13     | Received a gift from Okawaru
 23496 | D:12     | Noticed a fire giant
 23500 | D:12     | Killed a fire giant
 24491 | D:14     | Reached XP level 16. HP: 100/100 MP: 15/24
 24602 | D:14     | Noticed a sphinx
 24605 | D:14     | Noticed a sphinx
 24615 | D:14     | Killed a sphinx
 24615 | D:14     | Received a gift from Okawaru
 24622 | D:14     | Killed a sphinx
 24633 | D:14     | Reached skill level 15 in Armour
 24633 | D:14     | Reached skill level 5 in Evocations
 24936 | D:14     | Got an ancient quarterstaff
 24939 | D:14     | Gained mutation: You are robust. (+10% HP) [potion of mutation]
 24939 | D:14     | Gained mutation: You are partially covered in yellow scales. (AC +2) [potion of mutation]
 24939 | D:14     | Lost mutation: You are robust. (+10% HP) [potion of mutation]
 24968 | D:14     | Found a gate to the Vaults.
 25035 | D:14     | Received a gift from Okawaru
 25416 | D:14     | Found a glowing silver altar of Zin.
 25433 | D:15     | Entered Level 15 of the Dungeon
 25824 | D:15     | Found a staircase to the Depths.
 25952 | D:15     | Found a portal to a secret trove of treasure.
 26366 | D:15     | Received a gift from Okawaru
 26369 | D:15     | Got a pair of transparent gloves {god gift}
 26380 | D:15     | Identified the +0 pair of gloves "Juemiys" {MR+ Str+4 Int+3} (Okawaru gifted it to you on level 15 of the Dungeon)
 26906 | Spider:1 | Entered Level 1 of the Spider Nest
 27515 | Spider:1 | Identified the +7 quarterstaff "Xaigus" {crush, MR++ SInv} (You found it on level 14 of the Dungeon)
 27912 | Spider:1 | Reached XP level 17. HP: 101/106 MP: 16/25
 28194 | Spider:2 | Reached skill level 16 in Armour
 28340 | Spider:2 | Reached skill level 15 in Maces & Flails
 28474 | Spider:2 | Noticed Jorgrun
 28488 | Spider:2 | Killed Jorgrun
 28488 | Spider:2 | Received a gift from Okawaru
 29864 | Spider:4 | Entered Level 4 of the Spider Nest
 30601 | Spider:4 | Received a gift from Okawaru
 30623 | Spider:4 | Reached skill level 10 in Dodging
 31459 | Spider:4 | Received a gift from Okawaru
 31489 | Spider:4 | Got a warped cloak {god gift}
 31502 | Spider:4 | Identified the +0 cloak "Izi Cija" {*Confuse Regen+ Stlth+} (Okawaru gifted it to you on level 4 of the Spider Nest)
 31735 | Spider:4 | Got a gossamer rune of Zot
 31856 | Spider:4 | Reached XP level 18. HP: 114/114 MP: 18/27
 32105 | Swamp:1  | Entered Level 1 of the Swamp
 32303 | Swamp:1  | Upgraded the game from 0.19-a0-1268-g6c5d9f8 to 0.19-a0-1292-g796ee4d
 32355 | Swamp:1  | Reached skill level 17 in Armour
 32394 | Swamp:1  | Gained mutation: Your flesh is heat resistant. (rF+) [potion of beneficial mutation]
 33328 | Swamp:3  | Noticed Donald
 33353 | Swamp:3  | Killed Donald
 33584 | Swamp:3  | Got a transparent ruby amulet
 33587 | Swamp:3  | Identified the amulet of Gugaxen {Faith MR- Int+3 Dex+4} (You acquired it on level 3 of the Swamp)
 34064 | Swamp:4  | Entered Level 4 of the Swamp
 34146 | Swamp:4  | Gained mutation: You evolve. [potion of beneficial mutation]
 34289 | Swamp:4  | Received a gift from Okawaru
 34300 | Swamp:4  | Got a pair of warped boots {god gift}
 34320 | Swamp:4  | Identified the +0 pair of boots of the Lair of Beasts {+Fly Regen+} (Okawaru gifted it to you on level 4 of the Swamp)
 34336 | Swamp:4  | Got a steaming copper ring
 34345 | Swamp:4  | Identified the ring "Aplamea" {MP+9 Int+4 Dex+2 SInv} (You found it on level 4 of the Swamp)
 34402 | Swamp:4  | A LERNEIKA VIIDET POGULYAT"???
 34444 | Swamp:4  | Noticed the 27-headed Lernaean hydra
 34456 | Swamp:4  | Killed the 27-headed Lernaean hydra
 34597 | Swamp:4  | Got a decaying rune of Zot
 35452 | Elf:1    | Entered Level 1 of the Elven Halls
 35593 | Elf:1    | Found Filahet's Armour Shoppe.
 35605 | Elf:1    | Found a ruined silver gateway.
 35613 | Elf:1    | Reached XP level 19. HP: 92/121 MP: 28/28
 35626 | Desolati | Entered the Desolation of Salt
 35745 | Desolati | Reached skill level 10 in Shields
 35927 | Desolati | Received a gift from Okawaru
 36478 | Desolati | Reached skill level 18 in Armour
 37043 | Elf:1    | Found Yppy's General Store.
 37054 | Elf:1    | Bought a scroll of blinking for 105 gold pieces
 37294 | Elf:1    | Found Ocogun's Antique Armour Shoppe.
 37308 | Elf:1    | Bought a shimmering plate armour for 840 gold pieces
 37322 | Elf:1    | Identified the +3 plate armour of New Discoveries {Dex+5} (You bought it in a shop on level 1 of the Elven Halls)
 37823 | Elf:1    | Received a gift from Okawaru
 37829 | Elf:1    | Found Impasemoq's Magic Scroll Shop.
 37834 | Elf:1    | Found Wagyfacu's Assorted Antiques.
 37838 | Elf:1    | Bought a scroll of identify for 30 gold pieces
 37838 | Elf:1    | Bought a scroll of identify for 30 gold pieces
 37838 | Elf:1    | Bought a scroll of identify for 30 gold pieces
 37838 | Elf:1    | Bought a scroll of identify for 30 gold pieces
 37838 | Elf:1    | Bought a scroll of fog for 30 gold pieces
 37928 | Elf:1    | Found an ancient bone altar of Kikubaaqudgha.
 38002 | Elf:2    | Found Taggaunk's Armour Boutique.
 38070 | Elf:1    | Lost mutation: You are very dopey. (Int -4) [evolution]
 38081 | Elf:2    | Reached XP level 20. HP: 101/128 MP: 30/30
 38088 | Elf:2    | Reached skill level 15 in Fighting
 38623 | Elf:2    | Found a runed gate.
 38623 | Elf:2    | Found a runed gate.
 38623 | Elf:2    | Found a runed gate.
 38699 | Elf:3    | Entered Level 3 of the Elven Halls
 39418 | Elf:3    | Noticed a Tzitzimitl
 39419 | Elf:3    | Received a gift from Okawaru
 39448 | Elf:3    | Noticed Asterion
 39448 | Elf:3    | Noticed a Tzitzimitl
 39493 | Elf:3    | Killed from afar by a deep elf annihilator

Vault maps used:
D:1:      minmay_arrival_semitransparent, minivault_26
D:2:      grunt_temple_overflow_open, kennysheep_okawaru_gauntlet, first_bread
D:3:      fiery_altar_vehumet
D:4:      nicolae_qazlal_eye_of_the_storm, grunt_decor_arrowhead
D:6:      elyvilon_altar_3, uniq_sigmund
D:7:      minmay_gold_behind_fungi, the_bakery, minmay_small_thing
D:8:      nicolae_xom_altar_mimics, uniq_pikel
D:9:      minmay_lair_entry_lava, minivault_22, minmay_misc_feat_enclosed,
          grunt_ministairs_10, kennysheep_small_circle
D:10:     david_orc_5, kennysheep_generic_room_2, uniq_josephine
D:11:     kennysheep_windowed_goal
D:12:     kennysheep_funnel, serial_bayou_pond_c, uniq_gastronok, uniq_sonja,
          uniq_nergalle
D:13:     minmay_misc_feat_secret_circle, nemelex_diamond_rough_becter
D:14:     minmay_textured_paths, lightli_vaults_fourway_checkpoint, zin_angel
D:15:     hangedman_depths_entry_civil_slaughter, nrook_mini_backslash,
          enter_trove_0
Lair:1:   small_statue_intersection, lemuel_fruit_tree
Lair:2:   serial_bayou_shore_a, infiniplex_staircase_pool_2
Lair:3:   nicolae_swamp_entry_splash_gauntlet
Lair:4:   spider_nest_entry_funnel_web, minivault_27,
          nicolae_quartered_pool_super, uniq_harold
Lair:5:   dpeg_slime_entry_corner
Lair:6:   grunt_lair_end_beastmaster, serial_bayou_pond_d, fungi_pond_lemuel,
          zaba_anthell, grunt_megastairs_5, uniq_rupert
Swamp:1:  evilmike_swamp_ruin_rubble_1, swamp_pool4
Swamp:2:  evilmike_swamp_ruin_house_6, swamp_pool4, ldierk_geyser
Swamp:3:  cheibrodos_swamp_tower_of_moss, evilmike_swamp_ruin_house_5,
          uniq_donald
Swamp:4:  swamp_old_school
Spider:2: nicolae_spider_cling_ruins, uniq_jorgrun
Spider:3: nicolae_spider_cling_halls
Spider:4: grunt_spider_rune_circles, spider_trap, nicolae_spider_circle_web
Orc:1:    basic_altar
Orc:2:    grunt_orc_gardens, grunt_orc_garden, grunt_orc_garden,
          grunt_orc_garden, grunt_orc_garden, basic_altar,
          guppyfry_orc_lava_fort, uniq_nessos
Elf:1:    minmay_elf_arrival_summoners, portal_desolation_entry_twin_temple,
          serial_shops, nicolae_shop_crystal,
          nicolae_shop_temple_entry_statues_fountains, shop, shop, shop,
          basic_altar, minmay_elf_crystal_hexagon,
          nicolae_elf_glass_and_crystal_pillar_1
Elf:2:    serial_shops, nicolae_shop_crystal
Elf:3:    minmay_elf_hall, uniq_asterion

Skill      XL: |  1  2  3  4  5  6  7  8  9 10 11 12 13 14 15 16 17 18 19 20 |
---------------+-------------------------------------------------------------+-----
Armour         | 1 2 3 4 5 6 8 9 11 12 13 14 15 16 17 18 | 18.5
Maces & Flails | 4 5 6 7 9 10 11 12 13 14 15 16 17 | 17.3
Fighting       | 4 5 6 7 8 9 10 11 12 13 14 15 | 15.3
Invocations    | 1 2 3 5 6 7 8 9 10 11 12 13 | 13.7
Dodging        | 3 4 5 6 7 8 9 10 11 | 11.2
Shields        | 3 5 8 9 11 12 | 12.1
Evocations     | 1 3 4 6 7 8 |  8.7
Stealth        | |  2.1

Action                   |  1- 3 |  4- 6 |  7- 9 | 10-12 | 13-15 | 16-18 | 19-21 || total
-------------------------+-------+-------+-------+-------+-------+-------+-------++-------
Melee: Mace              |   129 |   183 |       |       |       |       |       ||   312
       Punch             |       |     1 |     2 |     1 |       |       |       ||     4
       Whip              |       |    53 |   312 |       |       |       |       ||   365
       Flail             |       |       |    32 |   695 |  1119 |       |       ||  1846
       Morningstar       |       |       |       |       |   474 |  1697 |   877 ||  3048
Invok: Heroism           |       |     3 |     2 |     8 |     9 |     4 |     4 ||    30
       Finesse           |       |       |       |       |     3 |     2 |     4 ||     9
 Abil: Fly               |       |       |       |     1 |       |       |       ||     1
Evoke: Wand              |       |       |       |       |     1 |     5 |    10 ||    16
       Box of beasts     |       |       |       |       |       |       |     2 ||     2
  Use: Scroll            |       |     7 |    15 |    12 |     5 |    13 |     3 ||    55
       Potion            |       |     1 |     1 |       |     1 |     3 |     4 ||    10
 Stab: Sleeping          |     1 |     1 |       |       |       |       |     1 ||     3
       Distracted        |       |     1 |       |       |       |       |       ||     1
       Petrified         |       |       |       |       |     5 |       |       ||     5
       Confused          |       |       |       |       |       |     5 |       ||     5
  Eat: Chunk             |     2 |     3 |    12 |    26 |    34 |    21 |     9 ||   107
       Meat ration       |       |     1 |       |     1 |       |     2 |     1 ||     5
       Beef jerky        |       |       |       |     1 |       |       |       ||     1
       Pizza             |       |       |       |       |       |     3 |       ||     3
       Royal jelly       |       |       |       |       |       |     1 |       ||     1
Armor: Robe              |    15 |       |       |       |       |       |       ||    15
       Ring mail         |    59 |    65 |       |       |       |       |       ||   124
       Scale mail        |       |    63 |   203 |   343 |   134 |       |       ||   743
       Plate armour      |       |       |       |       |   879 |  1039 |   373 ||  2291
Dodge: Dodged            |   120 |   130 |   214 |   348 |   850 |   888 |   358 ||  2908
Block: Other             |       |       |     5 |    25 |       |       |       ||    30
       Buckler           |       |       |       |   106 |   730 |   644 |       ||  1480
       Reflection        |       |       |       |       |    21 |     4 |    25 ||    50
       Shield            |       |       |       |       |       |    19 |   587 ||   606
